 Dungeon Crawl Stone Soup version 0.29-a0-8-g0446c0dae4 (webtiles) character file.

Game seed: 6557814015727760845

87 testman the Sneak (level 4, -1/26 HPs)
             Began as a Kobold Enchanter on Jan 27, 2022.
             Succumbed to Robin's poison
             ... on level 1 of the Dungeon.
             The game lasted 00:10:00 (2208 turns).

testman the Sneak (Kobold Enchanter)                Turns: 2208, Time: 00:10:01

Health: -1/26      AC:  2    Str:  5    XL:     4   Next: 80%
Magic:  7/7        EV: 19    Int: 16    God:
Gold:   97         SH:  0    Dex: 17    Spells: 5/7 levels left

rFire   . . .      SeeInvis .   a - +1 dagger
rCold   . . .      Faith    .   (no shield)
rNeg    . . .      Spirit   .   b - +0 robe
rPois   .          Reflect  .   (no helmet)
rElec   .          Harm     .   (no cloak)
rCorr   .          Rampage  .   (no gloves)
Will    .....                   (no boots)
Stlth   ++++......              (no amulet)
HPRegen 0.08/turn               g - +4 ring of evasion
MPRegen 0.10/turn               (no ring)

@: lethally poisoned (-1 -> -16)
A: small, no large weapons, nightstalker 3
a: no special abilities


You were on level 1 of the Dungeon.
You visited 1 branch of the dungeon, and saw 2 of its levels.

You collected 97 gold pieces.

Inventory:

Hand Weapons
 a - a +1 dagger (weapon)
Missiles
 e - a throwing net
 f - 63 stones
Armour
 b - a +0 robe (worn)
Jewellery
 g - a +4 ring of evasion (left hand)
Scrolls
 h - 3 scrolls of noise {unknown}
 i - a scroll of identify {unknown}
 j - a scroll of immolation {unknown}
Potions
 c - a potion of invisibility


   Skills:
 + Level 2.1 Fighting
 + Level 3.0 Short Blades
 - Level 2.4 Dodging
 + Level 5.1 Stealth
 - Level 2.1 Spellcasting
 - Level 3.0 Hexes
 + Level 1.3 Ice Magic


You had 5 spell levels left.
You knew the following spells:

 Your Spells              Type           Power      Damage    Failure   Level
a - Ensorcelled Hibernat  Hex/Ice        16%        N/A       13%         2

Your spell library contained the following spells:

 Spells                   Type           Power      Damage    Failure   Level
 Confusing Touch          Hex            11%        N/A       19%         3
 Tukima's Dance           Hex            11%        N/A       19%         3
 Dazzling Flash           Conj/Hex       12%        N/A       32%         3


Dungeon Overview and Level Annotations

Branches:
Dungeon (2/15)

Altars:

Annotations:
D:2 Robin


Innate Abilities, Weirdness & Mutations

You are small and have problems with some larger weapons.
You are completely attuned to the shadows.


Message History

Aim: a goblin, wielding a +0 dagger (strong, chance to affect: 59%)
The goblin resists with significant effort.
The goblin barely misses you.
You puncture the goblin!
You kill the goblin!
You closely miss the goblin. You punch the goblin.
You kill the goblin!
There is a stone staircase leading down here.
Items here: )) ††.
You start resting.
You are starting to lose your buoyancy.
You start resting.
Magic restored.
You start resting.
You float gracefully downwards.
You start resting.
You feel a little less mighty now.
You start resting.
HP restored.
You climb downwards.
Level annotation: Robin The goblin hits you with a +0 dagger.
The hobgoblin hits you. The hobgoblin misses you.
Robin hits you from afar with a +2 spear of venom.
You are poisoned.
The goblin hits you with a +0 dagger.
There is a stone staircase leading up here.
You feel very sick.
Robin hits you from afar with a +2 spear of venom.
You are more poisoned.
The hobgoblin misses you. The hobgoblin closely misses you.
The goblin hits you but does no damage. The goblin completely misses you.
You climb upwards.
* * * LOW HITPOINT WARNING * * *
You feel very sick.
There is a stone staircase leading down here.
Items here: )) ÷÷.
Okay, then.
You hit the goblin.
The goblin is severely wounded.
You die...

#.### #...^..... #.#
########.. #.# ##. #.#
#. #.# ## ##)##
######### ##...##
#........
#).#.g#########.######.
#.###g@g........# #.
#..#.g########### #.
##...## ## #####


You could see 2 hobgoblins and 2 goblins.

Vanquished Creatures
  An adder (D:2)
  4 gnolls (D:2)
  4 bats (D:1)
  2 endoplasms (D:2)
  2 giant cockroaches
  7 goblins
  4 hobgoblins
  3 kobolds
  4 quokkas
  4 ball pythons
  A frilled lizard (D:2)
36 creatures vanquished.

Notes
Turn   | Place    | Note
-------+----------+-------------------------------------------
     0 | D:1      | testman the Kobold Enchanter began the quest for the Orb.
     0 | D:1      | Reached XP level 1. HP: 10/10 MP: 3/3
   156 | D:1      | Reached XP level 2. HP: 16/16 MP: 5/5
   260 | D:1      | Reached skill level 1 in Fighting
   465 | D:1      | Found a faded altar of an unknown god.
   768 | D:2      | Reached XP level 3. HP: 20/20 MP: 6/6
   771 | D:2      | Learned a level 2 spell: Ensorcelled Hibernation
   924 | D:2      | Reached XP level 4. HP: 26/26 MP: 2/7
  1031 | D:2      | Reached skill level 5 in Stealth
  1031 | D:2      | Reached skill level 1 in Ice Magic
  1896 | D:2      | Noticed Robin
  2208 | D:1      | Succumbed to Robin's poison

Illustrated notes

Levels and vault maps discovered:
D:1:      sevenhm_arrival_forest_fort_small_1, layout_loops_ring,
          basic_ecumenical_altar
D:2:      layout_rooms, nrook_mini_backslash, uniq_robin

Skill      XL: |  1  2  3  4 |
---------------+-------------+-----
Short Blades   | 2 3 |  3.0
Fighting       | 1 2 |  2.1
Stealth        | 5 |  5.1
Ice Magic      | 1 |  1.3
Dodging        | |  2.4
Spellcasting   | |  2.1
Hexes          | |  3.0

Action                   |  1- 3 |  4- 6 || total
-------------------------+-------+-------++-------
Melee: Dagger            |    32 |    75 ||   107
       Punch             |       |     2 ||     2
 Cast: Ensorcelled Hiber |     2 |     6 ||     8
  Use: Potion            |       |     3 ||     3
 Stab: Sleeping          |    24 |     1 ||    25
Armor: Robe              |     1 |     3 ||     4
Dodge: Dodged            |     4 |    71 ||    75

Table legend: (Time is in decaauts)
 A = Elapsed time spent in this place.
 B = Non-inter-level travel time spent in this place.
 C = Inter-level travel time spent in this place.
 D = Time resting spent in this place.
 E = Time spent auto-exploring this place.
 F = Levels seen in this place.
 G = Mean time per level.
                   A        B        C        D        E       F      G
               +--------+--------+--------+--------+--------+-----+--------+
         Total |   2199 |   2194 |      5 |    736 |   1000 |   2 | 1099.5 |
       Dungeon |   2199 |   2194 |      5 |    736 |   1000 |   2 | 1099.5 |
               +--------+--------+--------+--------+--------+-----+--------+

Top non-repeatable levels by time:
     D:1: 1357 daAuts
     D:2: 842 daAuts
